 Dungeon Crawl Stone Soup version 0.18.1-47-g9310371 (webtiles) character file.

375 qqqbard the Digger (level 6, -1/32 HPs)
             Began as a Gargoyle Earth Elementalist on June 15, 2016.
             Killed by divine providence
             ... invoked by an orc priest
              (15 damage)
             ... on level 3 of the Dungeon.
             The game lasted 00:10:56 (3160 turns).

qqqbard the Digger (Gargoyle Earth Elementalist)    Turns: 3160, Time: 00:10:57

Health: -1/32      AC: 12    Str: 12    XL:     6   Next: 72%
Magic:  0/13       EV: 12    Int: 17    God:
Gold:   122        SH:  0    Dex: 10    Spells: 2 memorised, 11 levels left

rFire  . . .     SeeInvis .     f - +2 mace (protect)
rCold  . . .     Gourm    .     a - +0 robe
rNeg   + . .     Faith    .     (no shield)
rPois  ∞         Spirit   .     (no helmet)
rElec  +         Dismiss  .     (no cloak)
rCorr  .         Reflect  .     (no gloves)
SustAt .         Harm     .     o - +0 pair of boots
MR     .....                    (no amulet)
Stlth  ++........               (no ring)
                                (no ring)

@: very slightly contaminated, not resistant to hostile enchantments, unstealthy
A: negative energy resistance 1, electricity resistance, unbreathing,
petrification resistance, rot immunity, AC +4
a: no special abilities


You were on level 3 of the Dungeon.
You were hungry.

You visited 1 branch of the dungeon, and saw 3 of its levels.

You collected 122 gold pieces.

Inventory:

Hand Weapons
 f - a +2 mace of protection (weapon)
Missiles
 b - 115 stones (quivered)
Armour
 a - a +0 robe (worn)
 o - a +0 pair of boots (worn)
 t - a +0 shield
Jewellery
 y - an uncursed ring of positive energy {unknown}
Scrolls
 e - 3 scrolls of identify {unknown}
 i - a scroll of enchant armour {unknown}
 j - a scroll of amnesia {unknown}
 k - a scroll of random uselessness {unknown}
 l - a scroll of immolation {unknown}
 n - a scroll of enchant weapon {unknown}
 q - 4 scrolls of teleportation {unknown}
 r - 3 scrolls of remove curse {unknown}
 u - a scroll of magic mapping {unknown}
 x - a scroll of noise {unknown}
Potions
 g - 3 potions of curing {unknown}
 h - a potion of flight {unknown}
 m - 4 potions of brilliance {unknown}
 w - 2 potions of lignification {unknown}
Books
 c - a book of Geomancy

   Spells                             Type                      Level
   a - Sandblast                      Earth                        1
   b - Passwall                       Transmutation/Earth          2
   c - Stone Arrow                    Conjuration/Earth            3
   d - Petrify                        Transmutation/Earth          4
   e - Lee's Rapid Deconstruction     Earth                        5
Comestibles
 d - 3 bread rations
 p - a meat ration
 s - 2 slices of pizza
 v - a beef jerky


   Skills:
 - Level 1.5 Dodging
 - Level 2.1 Stealth
 * Level 5.2 Spellcasting
   Level 0.7 Transmutations
 + Level 6.0 Earth Magic


You had 11 spell levels left.
You knew the following spells:

 Your Spells              Type           Power        Failure   Level  Hunger
a - Sandblast             Erth           ###...       1%          1    None
b - Stone Arrow           Conj/Erth      ##....       14%         3    ###....


Dungeon Overview and Level Annotations

Branches:
Dungeon (3/15)

Altars:
Elyvilon
Kikubaaqudgha
Pakellas
Yredelemnul


Innate Abilities, Weirdness & Mutations

You are resistant to torment.
Your stone body is resilient (AC +4).
You are immune to poison.
You resist negative energy.
You are resistant to electric shocks.
You can survive without breathing.
You are immune to petrification.
You are immune to rotting.


Message History

The air around you crackles with energy!
The orc priest calls down the wrath of Beogh upon you.
Beogh smites you!
Casting: Stone Arrow
Confirm with . or Enter, or press ? or * to list all spells.
Aiming: Stone Arrow
Press: ? - help, Shift-Dir - straight line, f/p - orc priest
Aim: an orc priest, wielding a flail The stone arrow misses the orc priest.
The orc priest miscasts a cantrip.
Casting: Stone Arrow
Confirm with . or Enter, or press ? or * to list all spells.
Aiming: Stone Arrow
Press: ? - help, Shift-Dir - straight line, f/p - orc priest
Aim: an orc priest, wielding a flail The stone arrow misses the orc priest.
You are feeling hungry.
The orc priest calls down the wrath of Beogh upon you.
Beogh smites you!
You die...

..^ #....### #######..#
....#........#.........
. ...#....###...........
.. .....†........{##.#.
.. #.....###.##..##...
.##. #......#..#........
.....#........##....#...
#...).....[...#.#..##..
###..#@...#)......÷##..
## ##...###..........
#.....#o)............
....###..............
.......).....###.....
.........(....##.....
.o.............#.....
....................
.....!..............


You could see an orc priest.

Vanquished Creatures
  Sigmund (D:3)
  A centaur (D:3)
  4 gnolls
  An adder (D:1)
  A worm (D:2)
  A dart slug (D:2)
  8 orcs (D:3)
  2 giant cockroaches
  11 goblins
  4 hobgoblins
  6 jackals (D:2)
  A quokka (D:2)
  5 bats
  4 giant newts
  9 kobolds
  19 rats
  4 rat zombies (D:2)
82 creatures vanquished.

Vanquished Creatures (others)
  A manticore (D:2)
1 creature vanquished.

Grand Total: 83 creatures vanquished

Notes
Turn   | Place    | Note
--------------------------------------------------------------
     0 | D:1      | qqqbard the Gargoyle Earth Elementalist began the quest for the Orb.
     0 | D:1      | Reached XP level 1. HP: 10/10 MP: 3/3
   206 | D:1      | Reached XP level 2. HP: 13/15 MP: 0/5
   629 | D:1      | Reached skill level 4 in Earth Magic
   629 | D:1      | Reached XP level 3. HP: 10/19 MP: 0/7
  1249 | D:2      | Learned a level 3 spell: Stone Arrow
  1581 | D:2      | Reached XP level 4. HP: 24/24 MP: 3/9
  1592 | D:2      | Found an ancient bone altar of Kikubaaqudgha.
  1823 | D:2      | Found a white marble altar of Elyvilon.
  1959 | D:2      | Found a basalt altar of Yredelemnul.
  2411 | D:2      | Found an oddly glowing altar of Pakellas.
  2412 | D:2      | Noticed a manticore
  2421 | D:2      | Killed a manticore
  2619 | D:3      | Noticed a centaur
  2626 | D:3      | Killed a centaur
  2626 | D:3      | Reached skill level 5 in Earth Magic
  2626 | D:3      | Reached XP level 5. HP: 25/28 MP: 2/11
  2663 | D:3      | Noticed Sigmund
  3052 | D:3      | Killed Sigmund
  3052 | D:3      | Reached skill level 5 in Spellcasting
  3052 | D:3      | Reached XP level 6. HP: 28/32 MP: 6/13
  3090 | D:3      | Reached skill level 6 in Earth Magic
  3160 | D:3      | Killed from afar by an orc priest

Skill      XL: |  1  2  3  4  5  6 |
---------------+-------------------+-----
Earth Magic    | 4 5 6 |  6.0
Spellcasting   | 3 4 5 |  5.2
Dodging        | |  1.5
Stealth        | |  2.1
Transmutations | |  0.7

Action                   |  1- 3 |  4- 6 || total
-------------------------+-------+-------++-------
Melee: Unarmed           |    30 |       ||    30
       Mace              |    12 |    29 ||    41
 Cast: Sandblast         |    45 |    79 ||   124
       Stone Arrow       |     3 |     7 ||    10
 Stab: Sleeping          |     1 |       ||     1
  Eat: Chunk             |     3 |     5 ||     8
Armor: Robe              |    17 |    45 ||    62
Dodge: Dodged            |    36 |    49 ||    85
